 Dungeon Sprint DCSS version 0.29-a0-653-gd47aff6735 (webtiles) character file.

Game seed: 13380739685135742516

1550 purpskrrrp the Fighter (level 8, -9/157 HPs)
             Began as an Ogre Berserker on June 22, 2022.
             Was an Elder of Trog.
             Mangled by a gargoyle
             ... wielding a +0 flail
              (24 damage)
             ... in the Dungeon (Sprint I: "Red Sonja").
             The game lasted 00:03:30 (480 turns).

purpskrrrp the Fighter (Ogre Berserker)              Turns: 480, Time: 00:03:31

Health: -9/157     AC:  3    Str: 24    XL:     8   Next: 88%
Magic:  8/8        EV: 12    Int:  8    God:    Trog [****..]
Gold:   270        SH:  0    Dex:  8    Spells: 7/7 levels left

rFire   . . .      SeeInvis .   i - +0 giant spiked club
rCold   . . .      Faith    .   (shield currently unavailable)
rNeg    . . .      Spirit   .   k - +0 robe {Will+}
rPois   .          Reflect  .   (helmet restricted)
rElec   .          Harm     .   (no cloak)
rCorr   .          Rampage  .   (gloves unavailable)
Will    +....      NoTele   +   (boots unavailable)
Stlth   ..........              (no amulet)
HPRegen 0.36/turn               (no ring)
MPRegen 0.11/turn               (no ring)

@: berserking (expiring), very quick
A: large, unfitting armour, tough skin 1
a: Renounce Religion, Berserk, Trog's Hand, Brothers in Arms


You were in the Dungeon.
You worshipped Trog.
Trog was greatly pleased with you.
You visited 1 branch You collected 270 gold pieces.

Inventory:

Hand Weapons
 a - a +0 hand axe
 i - a +0 giant spiked club (weapon)
 j - a +6 scythe of venom
Armour
 b - a +0 animal skin
 k - a +0 robe of willpower (worn)
Scrolls
 h - a scroll of blinking
Potions
 c - a potion of curing
 d - a potion of heal wounds
 e - a potion of haste
 f - 2 potions of magic
 g - a potion of berserk rage


   Skills:
 + Level 14.0 Fighting
 + Level 11.2(12.1) Axes
 + Level 6.3(9.2) Maces & Flails
 + Level 9.4 Dodging
 + Level 1.6 Stealth


You had 7 spell levels left.
You didn't know any spells.
Your spell library was empty.

Dungeon Overview and Level Annotations

Branches:
Dungeon (1/1)

Altars:
Makhleb
Xom
Jiyva
Lugonu


Innate Abilities, Weirdness & Mutations

You are too large for most types of armour.
You have tough skin. (AC +1)


Message History

The demonic crawler barely misses you. The demonic crawler hits you.
The demonic crawler completely misses you.
Your Axes skill increases to level 11!
Your base Maces & Flails skill increases to level 5!
Your Dodging skill increases to level 9!
You perforate the demonic crawler like a sieve!!!
The demonic crawler is heavily wounded.
The demonic crawler hits you. The demonic crawler barely misses you.
The demonic crawler hits you!
The demonic crawler shrieks in warning!
You impale the demonic crawler!!
You kill the demonic crawler!
Trog accepts your kill.
You can now call in reinforcements.
The demonic crawler hits you. x2; The demonic crawler hits you!
The gargoyle hurls a stone arrow at you.
The stone arrow hits you!
* * * LOW HITPOINT WARNING * * *
The demonic crawler shrieks in warning!
Your Fighting skill increases to level 14!
Your base Maces & Flails skill increases to level 6!
The demonic crawler hits you.
* * * LOW HITPOINT WARNING * * *
The demonic crawler barely misses you. The demonic crawler hits you.
* * * LOW HITPOINT WARNING * * *
The demonic crawler barely misses you. The demonic crawler hits you!
* * * LOW HITPOINT WARNING * * *
The demonic crawler closely misses you. The gargoyle misses you.
There is an open door here.
Things that are here:
a demonic crawler corpse; a demonic crawler corpse You bludgeon the demonic crawler!!
The demonic crawler is heavily wounded.
The demonic crawler barely misses you. The demonic crawler hits you!
* * * LOW HITPOINT WARNING * * *
The demonic crawler hits you.
* * * LOW HITPOINT WARNING * * *
The demonic crawler closely misses you. x2
The demonic crawler hits you but does no damage.
The gargoyle hits you with a +0 flail!!
You die...

#################
#..'..#__#..')..#
'..#..'..'..#).s##+#
#####+#__####...@s.#
# #### #####9.+ #
°## °. °○○ #... ○°.#
☼☼##


You could see 2 demonic crawlers and a gargoyle.

Vanquished Creatures
  2 demonic crawlers (D)
  2 kobold demonologists (D)
  A slime creature (D)
  Sigmund (D)
  A floating eye (D)
  An ogre (D)
  Ijyb (D)
9 creatures vanquished.

Notes
Turn   | Place    | Note
-------+----------+-------------------------------------------
     0 | D        | purpskrrrp the Ogre Berserker began the quest for the Orb.
     0 | D        | Reached XP level 1. HP: 24/24 MP: 1/1
     1 | D        | Noticed Ijyb
    11 | D        | Killed Ijyb
    12 | D        | Reached skill level 5 in Fighting
    12 | D        | Reached XP level 2. HP: 36/36 MP: 2/2
    12 | D        | Reached XP level 3. HP: 44/44 MP: 3/3
    89 | D        | Noticed an ogre
    98 | D        | Killed an ogre
    99 | D        | Reached skill level 7 in Fighting
    99 | D        | Reached skill level 5 in Dodging
    99 | D        | Reached XP level 4. HP: 26/57 MP: 4/4
   297 | D        | Noticed Sigmund
   301 | D        | Killed Sigmund
   301 | D        | Reached ** piety under Trog
   302 | D        | Reached skill level 9 in Fighting
   302 | D        | Reached XP level 5. HP: 68/68 MP: 5/5
   302 | D        | Reached XP level 6. HP: 78/78 MP: 6/6
   344 | D        | Found a burning altar of Makhleb.
   344 | D        | Found a shimmering altar of Xom.
   344 | D        | Noticed a slime creature
   345 | D        | Found a viscous altar of Jiyva.
   345 | D        | Found a corrupted altar of Lugonu.
   350 | D        | Killed a slime creature
   351 | D        | Reached skill level 11 in Fighting
   396 | D        | Noticed a kobold demonologist
   396 | D        | Noticed a floating eye
   399 | D        | Killed a floating eye
   400 | D        | Reached XP level 7. HP: 88/88 MP: 7/7
   400 | D        | Noticed a kobold demonologist
   403 | D        | Noticed a hellwing
   404 | D        | Killed a kobold demonologist
   404 | D        | Reached *** piety under Trog
   405 | D        | Reached skill level 12 in Fighting
   405 | D        | Reached skill level 10 in Axes
   405 | D        | Reached skill level 1 in Stealth
   409 | D        | Killed a kobold demonologist
   410 | D        | Reached skill level 13 in Fighting
   410 | D        | Reached XP level 8. HP: 102/102 MP: 8/8
   470 | D        | Noticed a demonic crawler
   470 | D        | Noticed a demonic crawler
   470 | D        | Noticed a demonic crawler
   470 | D        | Noticed a demonic crawler
   475 | D        | Noticed a gargoyle
   476 | D        | Killed a demonic crawler
   477 | D        | Reached skill level 5 in Maces & Flails
   478 | D        | Killed a demonic crawler
   478 | D        | Reached **** piety under Trog
   479 | D        | Reached skill level 14 in Fighting
   480 | D        | Mangled by a gargoyle

Illustrated notes

Levels and vault maps discovered:
D:        dungeon_sprint_1 [red_sonja_temple_1, red_sonja_temple_small_1]

Skill      XL: |  1  2  3  4  5  6  7  8 |
---------------+-------------------------+-----
Fighting       | 5 7 9 11 13 14 | 14.0
Axes           | 4 6 8 9 10 11 | 11.2
Dodging        | 4 5 6 7 8 9 |  9.4
Maces & Flails | 2 4 6 |  6.3
Stealth        | 1 |  1.6

Action                   |  1- 3 |  4- 6 |  7- 9 || total
-------------------------+-------+-------+-------++-------
Melee: Hand axe          |    14 |       |       ||    14
       Giant spiked club |       |     7 |    17 ||    24
Invok: Berserk           |     2 |     3 |     1 ||     6
Armor: Animal skin       |     1 |       |       ||     1
       Robe              |       |       |     7 ||     7
Dodge: Dodged            |     2 |     4 |    19 ||    25

Table legend: (Time is in decaauts)
 A = Elapsed time spent in this place.
 B = Non-inter-level travel time spent in this place.
 C = Inter-level travel time spent in this place.
 D = Time resting spent in this place.
 E = Time spent auto-exploring this place.
 F = Levels seen in this place.
 G = Mean time per level.
                   A        B        C        D        E       F      G
               +--------+--------+--------+--------+--------+-----+--------+
         Total |    533 |    505 |     28 |    396 |      1 |   1 |  533.0 |
       Dungeon |    533 |    505 |     28 |    396 |      1 |   1 |  533.0 |
               +--------+--------+--------+--------+--------+-----+--------+

Top non-repeatable levels by time:
       D: 533 daAuts
